 Dungeon Crawl Stone Soup version 0.23-a0-642-g3120c2f5a9 (webtiles) character file.

2760 HereIgoKillingAgain the Transmogrifier (level 9, 0/72 HPs)
             Began as a Naga Transmuter on Dec 31, 2018.
             Was a Priest of Uskayaw.
             Slain by a gnoll
             ... wielding a +0 halberd
              (9 damage)
             ... on level 7 of the Dungeon.
             The game lasted 00:14:32 (8562 turns).

HereIgoKillingAgain the Transmogrifier (NaTm)       Turns: 8562, Time: 00:14:33

Health: 0/72       AC:  5    Str: 16    XL:     9   Next: 69%
Magic:  6/13       EV: 10    Int: 14    God:    Uskayaw [***...]
Gold:   355        SH:  0    Dex: 11    Spells: 4/14 levels left

rFire    . . .     SeeInvis +     - Unarmed
rCold    . . .     Gourm    .   (shield currently unavailable)
rNeg     . . .     Faith    .   b - +0 robe
rPois    +         Spirit   .   (no helmet)
rElec    .         Reflect  .   (no cloak)
rCorr    .         Harm     .   (gloves currently unavailable)
MR       ++...                  (no barding)
Stlth    +.........             h - amulet of rage
HPRegen  0.22/turn              n - ring of protection from magic
MPRegen  0.13/turn              g - ring of wizardry

@: blade hands, very slow
A: large, rugged brown scales 1, see invisible, deformed body, poison
resistance, slowness 2, slow metabolism 1, spit poison 1, AC +3
a: Spit Poison, End Transformation, Stomp, Line Pass, Renounce Religion, Evoke
Berserk Rage


You were on level 7 of the Dungeon.
You worshipped Uskayaw.
Uskayaw was noncommittal.
You were very hungry.
You had blades for hands.
You visited 1 branch of the dungeon, and saw 7 of its levels.
You also visited: Sewer.

You collected 355 gold pieces.

Inventory:

Missiles
 a - 60 arrows
Armour
 b - a +0 robe (worn)
Jewellery
 c - a +3 ring of intelligence
 g - a ring of wizardry (right scythe-like blade)
 h - an amulet of rage (around neck)
 l - an uncursed ring of positive energy
 n - a ring of protection from magic (left scythe-like blade)
 p - a +2 ring of intelligence
 v - an uncursed ring of ice {unknown}
 x - a +3 ring of strength {unknown}
Wands
 q - a wand of digging (5)
 r - a wand of disintegration (13)
Scrolls
 e - a scroll of enchant weapon
 f - a scroll of blinking
 j - 3 scrolls of enchant armour
 m - 2 scrolls of teleportation
 o - 3 scrolls of magic mapping
 w - a scroll of identify
 y - 2 scrolls of remove curse
Potions
 i - 2 potions of lignification
 k - 3 potions of heal wounds
 s - 4 potions of agility
 t - 4 potions of curing
 u - 3 potions of flight
Comestibles
 d - a ration


   Skills:
 - Level 1.0 Fighting
 - Level 1.5 Dodging
 + Level 8.9 Unarmed Combat
 + Level 3.1 Spellcasting
 - Level 9.3 Transmutations
 - Level 3.0 Invocations


You had 4 spell levels left.
You knew the following spells:

 Your Spells              Type           Power        Failure   Level  Hunger
a - Blade Hands           Tmut           ####......   24%         5    ######.
b - Sticks to Snakes      Tmut           ####....     5%          2    ##.....
c - Spider Form           Tmut/Pois      ###.......   21%         3    ###....

Your spell library contained the following spells:

 Spells                   Type           Power        Failure   Level  Hunger
 Beastly Appendage        Tmut           ####..       4%          1    #......
 Magic Dart               Conj           #...         32%         1    #......
 Ice Form                 Ice/Tmut       ###.....     38%         4    #####..
 Blink                    Tloc           N/A          41%         2    ##.....
 Call Imp                 Summ           #.......     41%         2    ##.....
 Slow                     Hex            #.......     41%         2    ##.....
 Conjure Flame            Conj/Fire      #.......     58%         3    ###....
 Mephitic Cloud           Conj/Pois/Air  #.......     58%         3    ###....


Dungeon Overview and Level Annotations

Branches:
Dungeon (7/15)             Temple (0/1) D:4

Altars:
Dithmenos
Fedhas
Gozag
Hepliaklqana
Makhleb
Qazlal
Ru
Sif Muna
Uskayaw
Xom
Yredelemnul


Innate Abilities, Weirdness & Mutations

You cannot wear boots.
Your serpentine skin is tough. (AC +3)
You have supernaturally acute eyesight. (SInv)
Armour fits poorly on your strangely shaped body.
Your system is resistant to poisons. (rPois)
You cover ground very slowly.
You have a slow metabolism.
You can spit poison.
You are partially covered in rugged brown scales. (AC +1, +3% HP)


Message History

a +0 flail; a gnoll corpse You are too injured to fight recklessly!
Unknown command.
You are too injured to fight recklessly!
You barely miss the gnoll. The gnoll hits you with a +0 whip.
The gnoll hits you from afar with a +0 halberd!
You slash the gnoll!
The gnoll is heavily wounded.
The gnoll hits you from afar with a +0 halberd!
* * * LOW HITPOINT WARNING * * *
The gnoll closely misses you.
Uskayaw will force your foes to helplessly watch your dance.
Uskayaw prepares the audience for your solo!
The helpless gnoll fails to defend itself.
You slash the gnoll!
You kill the gnoll!
The gnoll is no longer paralysed. x3; The gnoll hits you!
* * * LOW HITPOINT WARNING * * *
The gnoll hits you with a +0 halberd!
You die...

....##
##...####.##
..##
###.........
##
###....†.#####
##........#
#....)....#
##<........##
#........#..##
#........#...#
#.......###)@#
##.....##
#g)g......
#....##
##.g......
##...#
#........
#.###
#........ ###
.........
.........
.........


You could see 3 gnolls.

Vanquished Creatures
  Prince Ribbit (D:6)
  The ghost of Harunobu the Skirmisher, an amateur OgBe of Trog (D:3)
  The ghost of kaisn the Chopper, an amateur DsGl of Makhleb (D:4)
  Menkaure (D:6)
  A black bear (D:7)
  An orc warrior (D:6)
  3 ogres
  Blork the orc (D:6)
  3 big kobolds (Sewer)
  2 bullfrogs
  A gnoll sergeant (D:7)
  2 scorpions
  3 howler monkeys
  2 crimson imps
  A hound (D:7)
  2 jellies
  5 orc wizards
  An orc priest (D:3)
  2 iguanas (D:4)
  2 bullfrog skeletons
  Terence (D:3)
  A worker ant (D:7)
  A hound skeleton (D:4)
  3 gnolls
  12 adders
  A howler monkey skeleton (D:4)
  8 river rats (Sewer)
  A shadow imp (D:6)
  4 oozes
  An adder skeleton (D:5)
  3 worms (D:2)
  3 dart slugs
  8 leopard geckos
  10 orcs
  3 ball pythons
  5 bats
  6 giant cockroaches
  5 goblins
  11 hobgoblins
  17 jackals
  19 kobolds
  2 quokkas
  9 frilled lizards
  A leopard gecko skeleton (D:4)
  2 quokka zombies
  22 rats
195 creatures vanquished.

Vanquished Creatures (collateral kills)
  A phantom (D:3)
  2 orc priests (D:4)
  An orc wizard (D:4)
  2 adders
  An adder zombie (D:4)
  A worm (D:2)
  2 leopard geckos
  3 bats
  2 goblins
  A hobgoblin (D:3)
  2 kobolds (D:3)
  2 quokkas
  7 frilled lizards (D:3)
  5 rats
32 creatures vanquished.

Grand Total: 227 creatures vanquished

Notes
Turn   | Place    | Note
-------+----------+-------------------------------------------
     0 | D:1      | HereIgoKillingAgain the Naga Transmuter began the quest for
                  | the Orb.
     0 | D:1      | Reached XP level 1. HP: 18/18 MP: 3/3
   336 | D:1      | Reached XP level 2. HP: 25/25 MP: 5/5
   535 | D:1      | Reached skill level 3 in Transmutations
  1016 | D:2      | Learned a level 2 spell: Sticks to Snakes
  1056 | D:2      | Reached XP level 3. HP: 30/31 MP: 3/6
  1357 | D:2      | Reached skill level 4 in Transmutations
  1637 | D:2      | Found a shimmering altar of Xom.
  1670 | D:2      | Reached XP level 4. HP: 25/38 MP: 7/7
  1951 | D:2      | Found a deep blue altar of Sif Muna.
  1952 | D:2      | Found a hide-covered altar of Uskayaw.
  1974 | D:2      | Became a worshipper of Uskayaw the Reveler
  2190 | D:2      | Reached * piety under Uskayaw
  2484 | D:2      | Reached ** piety under Uskayaw
  2867 | D:3      | Found a runed door.
  2940 | D:3      | Noticed Harunobu's ghost (amateur OgBe)
  3092 | D:3      | Reached skill level 1 in Invocations
  3142 | D:3      | Found a sacrificial altar of Ru.
  3214 | D:3      | Reached XP level 5. HP: 37/44 MP: 6/8
  3259 | D:3      | Learned a level 3 spell: Spider Form
  3343 | D:3      | Reached skill level 5 in Transmutations
  3647 | D:3      | Reached *** piety under Uskayaw
  3693 | D:3      | Noticed Terence
  3711 | D:3      | Killed Terence
  3711 | D:3      | Reached XP level 6. HP: 20/51 MP: 7/9
  4086 | D:4      | Noticed a phantom
  4241 | D:3      | Gained mutation: You are partially covered in rugged brown
                  | scales. (AC +1, +3% HP) [potion of mutation]
  4258 | D:3      | Killed a phantom
  4533 | D:4      | Reached skill level 6 in Transmutations
  4920 | D:4      | Reached XP level 7. HP: 29/58 MP: 1/10
  5181 | D:4      | Found a hazy altar of Hepliaklqana.
  5181 | D:4      | Found a shadowy altar of Dithmenos.
  5257 | D:4      | Learned a level 5 spell: Blade Hands
  5283 | D:4      | Reached skill level 7 in Transmutations
  5366 | D:4      | Found a runed gate.
  5369 | D:4      | Found a runed gate.
  5369 | D:4      | Found a runed gate.
  5371 | D:4      | Noticed kaisn's ghost (amateur DsGl)
  5587 | D:4      | Found an opulent altar of Gozag.
  5625 | D:4      | Found a burning altar of Makhleb.
  5640 | D:4      | Found a staircase to the Ecumenical Temple.
  5857 | D:3      | Killed Harunobu's ghost
  5857 | D:3      | Reached skill level 5 in Unarmed Combat
  6032 | D:4      | Reached XP level 8. HP: 65/65 MP: 5/11
  6034 | D:4      | Killed kaisn's ghost
  6073 | D:5      | Entered Level 5 of the Dungeon
  6152 | D:5      | Found a stormy altar of Qazlal.
  6498 | D:5      | Found a glowing drain.
  6502 | Sewer    | Entered a sewer
  7458 | D:5      | Found a blossoming altar of Fedhas.
  7673 | D:5      | Reached skill level 8 in Transmutations
  7682 | D:5      | Found a sacrificial altar of Ru.
  7782 | D:6      | Reached XP level 9. HP: 64/72 MP: 4/12
  7789 | D:6      | Found a basalt altar of Yredelemnul.
  7807 | D:6      | Noticed Blork the orc
  7812 | D:6      | Killed Blork the orc
  7868 | D:6      | Noticed Prince Ribbit
  7900 | D:6      | Killed Prince Ribbit
  8009 | D:6      | Reached skill level 9 in Transmutations
  8031 | D:6      | Noticed Menkaure
  8038 | D:6      | Killed Menkaure
  8220 | D:6      | Reached **** piety under Uskayaw
  8562 | D:7      | Slain by a gnoll

Vault maps used:
D:1:      sevenhm_arrival_forest_fort_large_2
D:2:      gammafunk_temple_overflow_pools, xom_teletrap_fun
D:3:      minmay_angry_zag, old_standard_altar, ebering_ghost_reflecting_pool,
          minmay_lizard_king, uniq_terence
D:4:      kennysheep_mini, grunt_gozag_statues,
          gammafunk_temple_overflow_elements, temple_pool_b,
          gammafunk_ghost_split
D:5:      grunt_qazlal_clouds, first_ration, basic_altar,
          gup_sewer_entry_spiral, moated_statue, nicolae_ru_the_path_less_chosen
D:6:      yredelemnul_altar_generic, uniq_blork_the_orc, uniq_prince_ribbit1,
          uniq_menkaure
D:7:      old_standard_altar, uniq_duvessa
Sewer:    sewer_minmay_treatment

Skill      XL: |  1  2  3  4  5  6  7  8  9 |
---------------+----------------------------+-----
Transmutations | 3 4 5 6 7 8 9 |  9.3
Invocations    | 1 2 3 |  3.0
Unarmed Combat | 5 7 8 |  8.9
Spellcasting   | 3 |  3.1
Fighting       | |  1.0
Dodging        | |  1.5

Action                   |  1- 3 |  4- 6 |  7- 9 || total
-------------------------+-------+-------+-------++-------
Melee: Unarmed           |   100 |   293 |   266 ||   659
       Punch             |       |     2 |     3 ||     5
       Headbutt          |       |     2 |       ||     2
 Cast: Sticks to Snakes  |    10 |    47 |    12 ||    69
       Beastly Appendage |       |     3 |       ||     3
       Spider Form       |       |     8 |     4 ||    12
       Blade Hands       |       |       |    34 ||    34
 Abil: Spit Poison       |     5 |     5 |     1 ||    11
       Evoke Berserk Rag |       |     1 |     1 ||     2
Evoke: Wand              |       |       |     7 ||     7
  Use: Potion            |       |     4 |     4 ||     8
       Scroll            |       |       |    14 ||    14
 Stab: Sleeping          |       |     2 |       ||     2
       Paralysed         |       |     1 |     9 ||    10
  Eat: Chunk             |     2 |     7 |     5 ||    14
       Ration            |       |     2 |     6 ||     8
Armor: Robe              |    27 |    51 |    85 ||   163
       Skin              |       |     2 |       ||     2
Dodge: Dodged            |    67 |   210 |   179 ||   456

Table legend:
 A = Non-vault XP
 B = Vault XP
 C = Vault XP percentage of total XP
 D = Non-vault monster count
 E = Vault monster count
 F = Vault count percentage of total count
                 A         B        C        D         E       F
            +---------+---------+-------+---------+---------+-------
      Total |    2315 |    1629 |  41.3 |     148 |      79 |  34.8
            +---------+---------+-------+---------+---------+-------
        D:1 |      28 |       0 |   0.0 |      15 |       0 |   0.0
        D:2 |     103 |       0 |   0.0 |      38 |       0 |   0.0
        D:3 |     250 |     281 |  52.9 |      33 |      17 |  34.0
        D:4 |     500 |     253 |  33.6 |      24 |       3 |  11.1
        D:5 |     340 |      54 |  13.7 |      10 |       8 |  44.4
        D:6 |     555 |     557 |  50.1 |      15 |       3 |  16.7
        D:7 |     539 |       0 |   0.0 |      13 |       0 |   0.0
      Sewer |       0 |     484 | 100.0 |       0 |      48 | 100.0
            +---------+---------+-------+---------+---------+-------
